 Dungeon Crawl Stone Soup version 0.19-a0-376-gf780d9b (webtiles) character file.

66 mistymad the Sneak (level 3, 0/27 HPs)
             Began as a Vampire Enchanter on May 30, 2016.
             Slain by an adder (1 damage)
             ... on level 2 of the Dungeon.
             The game lasted 00:03:43 (1457 turns).

mistymad the Sneak (Vampire Enchanter)              Turns: 1457, Time: 00:03:44

Health: 0/27       AC:  3    Str:  7    XL:     3   Next: 96%
Magic:  6/6        EV: 13    Int: 17    God:
Gold:   75         SH:  0    Dex: 15    Spells: 3 memorised, 0 levels left

rFire  . . .     SeeInvis +     a - +1 dagger
rCold  . . .     Gourm    .     b - +1 robe
rNeg   + . .     Faith    .     (no shield)
rPois  .         Spirit   .     (no helmet)
rElec  .         Dismiss  .     (no cloak)
rCorr  .         Reflect  .     (no gloves)
SustAt .         Harm     .     (no boots)
MR     .....                    (no amulet)
Stlth  +++.......               (no ring)
                                (no ring)

@: lethally poisoned (0 -> -4), very slightly contaminated, hasted, very quick,
not resistant to hostile enchantments, fairly stealthy
A: fangs 3, see invisible, unbreathing
a: Bat Form


You were on level 2 of the Dungeon.
You were not thirsty.

You visited 1 branch of the dungeon, and saw 2 of its levels.

You collected 75 gold pieces.

Inventory:

Hand Weapons
 a - a +1 dagger (weapon)
Armour
 b - a +1 robe (worn)
Jewellery
 g - an uncursed ring of poison resistance {unknown}
Scrolls
 f - a scroll of amnesia {unknown}
 i - a scroll of immolation {unknown}
 j - a scroll of identify {unknown}
 k - a scroll of remove curse {unknown}
 l - 2 scrolls of magic mapping {unknown}
Potions
 d - 6 potions of blood
Books
 c - a book of Maledictions

   Spells                             Type                      Level
   a - Corona                         Hexes                        1
   b - Ensorcelled Hibernation        Hexes/Ice                    2
   c - Confuse                        Hexes                        3
   d - Tukima's Dance                 Hexes                        3
   e - Dazzling Spray                 Conjuration/Hexes            3


   Skills:
 * Level 1.8 Fighting
 + Level 1.5 Short Blades
 + Level 2.5 Dodging
 + Level 5.1 Stealth
 + Level 2.2 Spellcasting
 + Level 4.8 Hexes


You couldn't memorise any spells.
You knew the following spells:

 Your Spells              Type           Power        Failure   Level  Hunger
a - Corona                Hex            ###....      2%          1    #......
b - Ensorcelled Hibernat  Hex/Ice        ##....       12%         2    ###....
c - Confuse               Hex            ###.....     10%         3    ###....


Dungeon Overview and Level Annotations

Branches:
Dungeon (2/15)

Altars:


Innate Abilities, Weirdness & Mutations

You have razor-sharp teeth.
You have supernaturally acute eyesight. (SInv)
You can survive without breathing.


Message History

The adder bites you.
* * * LOW HITPOINT WARNING * * *
You take 2 damage, and have 3/27 hp.
The adder bites you.
* * * LOW HITPOINT WARNING * * *
You are lethally poisoned!
The adder poisons you!
You take 1 damage, and have 2/27 hp.
It was a potion of haste.
You feel yourself speed up.
* * * LOW HITPOINT WARNING * * *
You feel sick. The adder bites you but does no damage.
You are very lightly contaminated with residual magic.
You take 1 damage, and have 1/27 hp.
It was a potion of magic.
Magic courses through your body. The adder closely misses you.
MP restored: 6 You hit the adder.
The adder is moderately wounded.
The adder bites you.
You die...

####......##.......##
...#......#.(.......#
...#......#.....(...#
...#......#......(..#####
.........................
..)#......#†............>
...#......#.........#####
..........#..........####
...#......#.....@.......#
##.
..#####.###......S..###.##
#.. ....# #.#
#.........###..###.#
.##...#.#
##..............##.# ##
##.#.# ##.............##.#
## ..#
######...........##.. ..#
#........#...... ## #.
#........#...# .# #.
#..........#)#


You could see an adder.

Vanquished Creatures
  3 adders (D:2)
  2 oozes (D:2)
  A dart slug (D:1)
  A giant gecko (D:2)
  2 giant cockroaches
  3 goblins
  6 hobgoblins
  A kobold (D:1)
  A bat (D:2)
  5 giant newts
  4 rats (D:1)
29 creatures vanquished.

Notes
Turn   | Place    | Note
--------------------------------------------------------------
     0 | D:1      | mistymad the Vampire Enchanter began the quest for the Orb.
     0 | D:1      | Reached XP level 1. HP: 13/13 MP: 3/3
   215 | D:1      | Reached XP level 2. HP: 15/20 MP: 5/5
   402 | D:1      | Learned a level 2 spell: Ensorcelled Hibernation
   424 | D:1      | Reached skill level 1 in Fighting
   755 | D:2      | Reached XP level 3. HP: 26/26 MP: 6/6
   760 | D:2      | Learned a level 3 spell: Confuse
  1244 | D:2      | Reached skill level 5 in Stealth
  1455 | D:2      | HP: 1/27 [poisoned by an adder]
  1457 | D:2      | Slain by an adder

Vault maps used:
D:1:      wheals_arrival_linesprint
D:2:      kennysheep_pointless_box

Skill      XL: |  1  2  3 |
---------------+----------+-----
Fighting       | 1 |  1.8
Stealth        | 5 |  5.1
Short Blades   | |  1.5
Dodging        | |  2.5
Spellcasting   | |  2.2
Hexes          | |  4.8

Action                   || total
-------------------------++-------
Melee: Dagger            ||   128
       Bite              ||    10
 Cast: Corona            ||     1
       Ensorcelled Hiber ||     8
  Use: Potion            ||     4
 Stab: Sleeping          ||    10
Armor: Robe              ||    23
Dodge: Dodged            ||    73
